 Dungeon Sprint DCSS version 0.24-a0-244-ga6a6ab7 (webtiles) character file.

Game seed: 2885640162712049338

399 MikeHunt the Fighter (level 6, -8/66 HPs)
             Began as a Draconian Artificer on Apr 11, 2019.
             Mangled by a shadow (31 damage)
             ... in the Dungeon (Sprint III: "The Ten Rune Challenge").
             The game lasted 00:03:43 (730 turns).

MikeHunt the Fighter (Draconian Artificer)           Turns: 730, Time: 00:03:43

Health: -8/66      AC:  6    Str: 15    XL:     6   Next: 53%
Magic:  8/8        EV: 14    Int: 11    God:
Gold:   11         SH:  0    Dex: 13    Spells: 5/5 levels left

rFire    + . .     SeeInvis .     - Unarmed
rCold    . . .     Gourm    .   (no shield)
rNeg     . . .     Faith    .   (armour unavailable)
rPois    .         Spirit   .   (helmet restricted)
rElec    .         Reflect  .   (no cloak)
rCorr    .         Harm     .   (no gloves)
MR       .....     NoTele   +   (no boots)
Stlth    ++........             (no amulet)
HPRegen  0.21/turn              (no ring)
MPRegen  0.11/turn              (no ring)

@: no status effects
A: unfitting armour, fire resistance 1, wild magic 1, cold-blooded, AC +6
a: no special abilities


You were in the Dungeon.
You were not hungry.

You visited 1 branch You collected 11 gold pieces.

Inventory:

Hand Weapons
 a - a +0 short sword
Wands
 b - a wand of flame (19)
 c - a wand of enslavement (14)
 d - a wand of random effects (7)
Scrolls
 k - a scroll of blinking
 n - a scroll of holy word {unknown}
 o - a scroll of enchant armour {unknown}
 p - 3 scrolls of remove curse
 q - a scroll of torment {unknown}
 r - 2 scrolls of identify {unknown}
Potions
 e - a potion of curing
 h - a potion of haste
 i - 2 potions of magic
 l - 3 potions of flight {unknown}
 m - a potion of mutation
Comestibles
 f - 3 rations
 j - 3 chunks of flesh {@w1}


   Skills:
 - Level 9.7 Fighting
 - Level 1.6 Short Blades
 + Level 4.5 Dodging
 - Level 1.6 Stealth
 + Level 9.6 Unarmed Combat
 + Level 3.3 Evocations


You had 5 spell levels left.
You didn't know any spells.
Your spell library was empty.

Dungeon Overview and Level Annotations

Branches:
Dungeon (1/1)

Altars:
Dithmenos
Okawaru
Ru
Trog
Uskayaw
Wu Jian
Yredelemnul
Beogh


Innate Abilities, Weirdness & Mutations

Your plain brown scales are hard. (AC +6)
You cannot fit into any form of body armour.
You are cold-blooded and may be slowed by cold attacks.
Your flesh is heat resistant. (rF+)
Your spells are a little harder to cast, but a little more powerful.


Message History

Aiming: Throw Flame
Press: ? - help, Shift-Dir - straight line, f - shadow
Aim: a shadow The puff of flame hits the shadow!
The shadow is moderately damaged.
The shadow hits you.
Evoke which item? (* to show all) (? for menu, Esc to quit)
Aiming: Throw Flame
Press: ? - help, Shift-Dir - straight line, f/p - shadow
Aim: a shadow (moderately damaged)
The puff of flame hits the shadow.
The shadow is heavily damaged.
The shadow hits you!
* * * LOW HITPOINT WARNING * * *
You feel much better.
The shadow slips into darkness.
The shadow flickers and vanishes!
Deactivating autopickup; reactivate with Ctrl-A.
The shadow strikes at you from the darkness!
You die...

▓▓▓▓▓▓ ▓▓▓ .....♣ ♣.#
######## ....♣♣♣ ♣.#
#___#__# ....♣.♣ ♣.#
#__.#[_#
....≈♣♣♣♣♣.###+#'###'##
...≈≈...♣♣.#.......†÷.#
..≈≈≈≈..♣..'.⌠..@..J..#
..≈≈≈≈≈≈♣♣.#...######'#
.≈≈≈≈≈≈....#.⌠.# #...#
.≈≈≈≈≈.....#...# #...#
.≈≈≈.......#+### #...#
...........# #..%+
...........# +...#
▓▓▓▓▓▓▓▓▓▓▓▓ ▓▓▓▓▓


You could see a jelly.

Vanquished Creatures
  A necrophage (D)
  A water elemental (D)
  A scorpion (D)
  Jessica (D)
  A necromancer (D)
  2 humans (D)
  2 oozes (D)
9 creatures vanquished.

Vanquished Creatures (others)
  2 draconian scorchers (D)
  6 hellions (D)
  A yaktaur (D)
  A human (D)
  2 plants (D)
12 creatures vanquished.

Grand Total: 21 creatures vanquished

Notes
Turn   | Place    | Note
-------+----------+-------------------------------------------
     0 | D        | MikeHunt the Draconian Artificer began the quest for the
                  | Orb.
     0 | D        | Reached XP level 1. HP: 16/16 MP: 3/3
     9 | D        | Reached skill level 1 in Stealth
    16 | D        | Reached skill level 1 in Unarmed Combat
    16 | D        | Reached XP level 2. HP: 15/25 MP: 4/4
    71 | D        | Killed a hellion
    90 | D        | Killed a hellion
   119 | D        | Killed a hellion
   131 | D        | Noticed Jessica
   134 | D        | Killed Jessica
   134 | D        | Reached XP level 3. HP: 34/34 MP: 5/5
   151 | D        | Killed a hellion
   153 | D        | Killed a hellion
   167 | D        | Killed a hellion
   170 | D        | Killed a yaktaur
   213 | D        | Reached skill level 5 in Fighting
   220 | D        | Killed a white draconian scorcher
   233 | D        | Killed a white draconian scorcher
   303 | D        | Noticed a scorpion
   349 | D        | Killed a scorpion
   349 | D        | Reached skill level 5 in Unarmed Combat
   349 | D        | Reached XP level 4. HP: 35/45 MP: 6/6
   378 | D        | Gained mutation: Your mind is acute. (Int +2) [potion of
                  | mutation]
   378 | D        | Gained mutation: Your body sometimes deteriorates upon
                  | taking damage. [potion of mutation]
   378 | D        | Gained mutation: You have sharp toenails. [potion of
                  | mutation]
   380 | D        | Lost mutation: Your body sometimes deteriorates upon taking
                  | damage. [potion of mutation]
   380 | D        | Lost mutation: Your mind is acute. (Int +2) [potion of
                  | mutation]
   380 | D        | Lost mutation: You have sharp toenails. [potion of
                  | mutation]
   380 | D        | Gained mutation: You do not regenerate when monsters are
                  | visible. [potion of mutation]
   380 | D        | Gained mutation: Your flesh is cold resistant. (rC+)
                  | [potion of mutation]
   381 | D        | Lost mutation: You do not regenerate when monsters are
                  | visible. [potion of mutation]
   381 | D        | Lost mutation: Your flesh is cold resistant. (rC+) [potion
                  | of mutation]
   381 | D        | Gained mutation: Your spells are a little easier to cast,
                  | but a little less powerful. [potion of mutation]
   381 | D        | Gained mutation: You are clumsy. (Dex -2) [potion of
                  | mutation]
   381 | D        | Gained mutation: Your muscles are strong. (Str +2) [potion
                  | of mutation]
   382 | D        | Lost mutation: You are clumsy. (Dex -2) [potion of
                  | mutation]
   382 | D        | Lost mutation: Your spells are a little easier to cast, but
                  | a little less powerful. [potion of mutation]
   382 | D        | Lost mutation: Your muscles are strong. (Str +2) [potion of
                  | mutation]
   382 | D        | Gained mutation: Your flesh is heat resistant. (rF+)
                  | [potion of mutation]
   382 | D        | Gained mutation: Your spells are a little harder to cast,
                  | but a little more powerful. [potion of mutation]
   399 | D        | Noticed a water elemental
   413 | D        | Killed a water elemental
   413 | D        | Reached XP level 5. HP: 28/53 MP: 7/7
   560 | D        | Found a hide-covered altar of Uskayaw.
   560 | D        | Found a roughly hewn altar of Beogh.
   560 | D        | Found an iron altar of Okawaru.
   560 | D        | Found a bloodstained altar of Trog.
   560 | D        | Found an ornate altar of the Wu Jian Council.
   560 | D        | Noticed a human
   560 | D        | Noticed a human
   568 | D        | Killed a human
   568 | D        | Reached XP level 6. HP: 66/66 MP: 8/8
   580 | D        | Found a basalt altar of Yredelemnul.
   580 | D        | Found a shadowy altar of Dithmenos.
   580 | D        | Found a sacrificial altar of Ru.
   719 | D        | Noticed a shadow
   730 | D        | Mangled by a shadow

Levels and vault maps discovered:
D:        dungeon_sprint_mu [sprint_mu_entry_forest, sprint_mu_temple_rooms,
          sprint_mu_d1_spiders, sprint_mu_d2_genie, sprint_mu_d3_branching,
          sprint_mu_orc_legion, sprint_mu_elf_gauntlet, sprint_mu_hive_nellie,
          sprint_mu_lair_fedhas, sprint_mu_vaults_butterflies,
          sprint_mu_slime_circle, sprint_mu_swamp_cave, sprint_mu_snake_twists,
          sprint_mu_blade_basic, sprint_mu_crypt_lich, sprint_mu_tomb_spiral,
          sprint_mu_vestibule_basic, sprint_mu_gehenna_hellfire,
          sprint_mu_dis_giant, sprint_mu_tartarus_statrot,
          sprint_mu_cocytus_islands, sprint_mu_zot1]

Skill      XL: |  1  2  3  4  5  6 |
---------------+-------------------+-----
Dodging        | 2 4 |  4.5
Stealth        | 1 |  1.6
Fighting       | 2 4 6 7 9 |  9.7
Unarmed Combat | 1 3 5 6 8 9 |  9.6
Short Blades   | |  1.6
Evocations     | |  3.3

Action                   |  1- 3 |  4- 6 || total
-------------------------+-------+-------++-------
Melee: Short sword       |    25 |       ||    25
       Tailslap          |     3 |     3 ||     6
       Unarmed           |       |    14 ||    14
Evoke: Wand              |     8 |     6 ||    14
  Use: Potion            |       |     6 ||     6
 Stab: Sleeping          |     1 |       ||     1
Armor: Skin              |     1 |       ||     1
Dodge: Dodged            |    16 |     5 ||    21

Table legend:
 A = Non-vault XP
 B = Vault XP
 C = Vault XP percentage of total XP
 D = Non-vault monster count
 E = Vault monster count
 F = Vault count percentage of total count
                 A         B        C        D         E       F
            +---------+---------+-------+---------+---------+-------
      Total |       0 |     570 | 100.0 |       0 |       9 | 100.0
            +---------+---------+-------+---------+---------+-------
          D |       0 |     570 | 100.0 |       0 |       9 | 100.0
            +---------+---------+-------+---------+---------+-------
